SA
NIAGARA FALLS EXPOS @ SYRACUSE STORM
08/31/2038
 
TOP OF THE 1ST
Niagara Falls Expos batting - Pitching for Syracuse Storm : RHP Rubén López
Pitching: RHP Rubén López
Batting: RHB Ambrose Watkins 0-0: Called Strike
0-1: Foul Ball, location: 2F
0-2: Ground out 1-3 (Groundball, P, EV 81.9 MPH)
Batting: RHB Bernard Langeman 0-0: Called Strike
0-1: Ball
1-1: Foul Ball, location: 2F
1-2: Ball
2-2: Foul Ball, location: 2F
2-2: Fly out, F9 (Flyball, 9LS, EV 82.5 MPH)
Batting: RHB Rafael Mastache 0-0: Called Strike
0-1: Ball
1-1: Ball
2-1: Foul Ball, location: 2F
2-2: Foul Ball, location: 2F
2-2: Ground out 5-3 (Groundball, 56, EV 88.1 MPH)
Top of the 1st over - 0 runs, 0 hits, 0 errors, 0 left on base; Niagara Falls 0 - Syracuse 0
BOTTOM OF THE 1ST
Syracuse Storm batting - Pitching for Niagara Falls Expos : RHP Maximiano Agostinho
Pitching: RHP Maximiano Agostinho
Batting: LHB Brian Harmon 0-0: Called Strike
0-1: Ball
1-1: Swinging Strike
1-2: Foul Ball, location: 2F
1-2: Ball
2-2: Foul Ball, location: 2F
2-2: Foul Ball, location: 2F
2-2: Foul Ball, location: 2F
2-2: Ball
3-2: Strikes out swinging
Batting: RHB John Billings 0-0: Ball
1-0: Ball
2-0: Ball
3-0: Base on Balls
Batting: LHB Duff Eckstein 0-0: Ball
John Billings steals 2nd base (no throw)
1-0: Foul Ball, location: 2F
1-1: Ball
2-1: Ball
3-1: Called Strike
3-2: Ground out 4-3 (Groundball, 4S, EV 83.1 MPH)
John Billings to third
Batting: LHB Rick Newell 0-0: Swinging Strike
0-1: Ball
1-1: Foul Ball, location: 2F
1-2: Foul Ball, location: 2F
1-2: Ball
2-2: Strikes out swinging
Bottom of the 1st over - 0 runs, 0 hits, 0 errors, 1 left on base; Niagara Falls 0 - Syracuse 0
TOP OF THE 2ND
Niagara Falls Expos batting - Pitching for Syracuse Storm : RHP Rubén López
Batting: SHB Junya Furuya 0-0: Called Strike
0-1: Swinging Strike
0-2: Ball
1-2: Strikes out swinging
Batting: SHB Raúl Miranda 0-0: Ball
1-0: Foul Ball, location: 2F
1-1: Called Strike
1-2: Strikes out looking
Batting: RHB Juan Vázquez 0-0: Ball
1-0: Ball
2-0: Foul Ball, location: 2F
2-1: SINGLE (Line Drive, 89S, EV 92.5 MPH)
Batting: RHB Frank Tatum 0-0: Ball
1-0: Swinging Strike
1-1: Ball
2-1: Swinging Strike
2-2: Strikes out swinging
Top of the 2nd over - 0 runs, 1 hit, 0 errors, 1 left on base; Niagara Falls 0 - Syracuse 0
BOTTOM OF THE 2ND
Syracuse Storm batting - Pitching for Niagara Falls Expos : RHP Maximiano Agostinho
Batting: RHB Ace Felder 0-0: Fly out, F7 (Flyball, 7LM, EV 78.8 MPH)
Batting: LHB Jorge Mateu 0-0: SINGLE (Line Drive, 8LS, EV 108.1 MPH)
Batting: RHB Rubén Plumey 0-0: Ball
1-0: Ball
2-0: Called Strike
2-1: Foul Ball, location: 2F
2-2: Strikes out swinging
Batting: LHB Kent Maxwell Pickoff Throw to First - Out! 1-3
Bottom of the 2nd over - 0 runs, 1 hit, 0 errors, 0 left on base; Niagara Falls 0 - Syracuse 0
TOP OF THE 3RD
Niagara Falls Expos batting - Pitching for Syracuse Storm : RHP Rubén López
Batting: SHB Buretaua Taati 0-0: Foul Ball, location: 2F
0-1: Swinging Strike
0-2: Ball
1-2: Foul Ball, location: 2F
1-2: Ball
2-2: SINGLE (Flyball, 78M, EV 87.5 MPH)
Batting: RHB Sincere Wushon David 0-0: Ball
1-0: Ball
2-0: Ball
3-0: Called Strike
3-1: SINGLE (Groundball, 6MD, EV 94.4 MPH)
Buretaua Taati to second
Runner from 2nd tries for 3rd, OUT! 8-5
Batting: RHB Ambrose Watkins 0-0: Ball
1-0: Grounds into double play, 5-4-3 (Groundball, 56, EV 78.8 MPH)
Top of the 3rd over - 0 runs, 2 hits, 0 errors, 0 left on base; Niagara Falls 0 - Syracuse 0
BOTTOM OF THE 3RD
Syracuse Storm batting - Pitching for Niagara Falls Expos : RHP Maximiano Agostinho
Batting: LHB Kent Maxwell 0-0: Ball
1-0: Called Strike
1-1: Ball
2-1: Ball
3-1: Base on Balls
Batting: RHB Bob Hill 0-0: Ball
1-0: Foul Ball, location: 2F
1-1: Ball
2-1: DOUBLE (Line Drive, 7LM, EV 101.2 MPH)
Kent Maxwell to third
Batting: LHB Brian Harmon 0-0: Called Strike
0-1: Ball
1-1: Ball
2-1: SINGLE (Line Drive, 4D, EV 108.1 MPH)
Kent Maxwell scores
Bob Hill to third
Batting: RHB John Billings 0-0: Ball
Brian Harmon is caught stealing 2nd base 2-4
1-0: Fly out, F9 (Flyball, 9D, EV 101.2 MPH)
Runner from 3rd tags up, SCORES, throw by RF
Batting: LHB Duff Eckstein 0-0: Ball
1-0: SINGLE (Groundball, 15S, EV 73.1 MPH) (infield hit)
Batting: LHB Rick Newell 0-0: Foul Ball, location: 2F
0-1: Swinging Strike
0-2: Strikes out looking
Bottom of the 3rd over - 2 runs, 3 hits, 0 errors, 1 left on base; Niagara Falls 0 - Syracuse 2
TOP OF THE 4TH
Niagara Falls Expos batting - Pitching for Syracuse Storm : RHP Rubén López
Batting: RHB Bernard Langeman 0-0: Ball
1-0: Swinging Strike
1-1: Reached on error, E9 (Flyball, 89D, EV 85.6 MPH)
Batting: RHB Rafael Mastache 0-0: Called Strike
0-1: Called Strike
0-2: Foul Ball, location: 2F
0-2: Ball
1-2: Foul Ball, location: 2F
1-2: Strikes out swinging
Batting: SHB Junya Furuya 0-0: Called Strike
0-1: Swinging Strike
0-2: Ball
1-2: Strikes out swinging
Batting: SHB Raúl Miranda 0-0: Ball
1-0: Ball
2-0: Swinging Strike
2-1: Swinging Strike
2-2: Ball
3-2: Foul Ball, location: 2F
3-2: SINGLE (Groundball, 4MD, EV 100.6 MPH)
Bernard Langeman to third
Bernard Langeman scores
Batting: RHB Juan Vázquez 0-0: Fly out, F9 (Line Drive, 9, EV 89.4 MPH)
Top of the 4th over - 1 run, 1 hit, 1 error, 1 left on base; Niagara Falls 1 - Syracuse 2
BOTTOM OF THE 4TH
Syracuse Storm batting - Pitching for Niagara Falls Expos : RHP Maximiano Agostinho
Batting: RHB Ace Felder 0-0: Foul Ball, location: 2F
0-1: Ball
1-1: Ball
2-1: Ground out U3 (Groundball, 34S, EV 83.1 MPH)
Batting: LHB Jorge Mateu 0-0: Ball
1-0: Ball
2-0: Fly out, F9 (Flyball, 9, EV 75.6 MPH)
Batting: RHB Rubén Plumey 0-0: Called Strike
0-1: Swinging Strike
0-2: Strikes out swinging
Bottom of the 4th over - 0 runs, 0 hits, 0 errors, 0 left on base; Niagara Falls 1 - Syracuse 2
TOP OF THE 5TH
Niagara Falls Expos batting - Pitching for Syracuse Storm : RHP Rubén López
Batting: RHB Frank Tatum 0-0: Fly out, F8 (Flyball, 8LD, EV 98.8 MPH)
Batting: SHB Buretaua Taati 0-0: Swinging Strike
0-1: Ball
1-1: Ball
2-1: Called Strike
2-2: Strikes out swinging
Batting: RHB Sincere Wushon David 0-0: Called Strike
0-1: Ball
1-1: Foul Ball, location: 2F
1-2: Foul Ball, location: 2F
1-2: Ball
2-2: Foul Ball, location: 2F
2-2: Foul Ball, location: 2F
2-2: Ground out 6-3 (Groundball, 6, EV 93.1 MPH)
Top of the 5th over - 0 runs, 0 hits, 0 errors, 0 left on base; Niagara Falls 1 - Syracuse 2
BOTTOM OF THE 5TH
Syracuse Storm batting - Pitching for Niagara Falls Expos : RHP Maximiano Agostinho
Batting: LHB Kent Maxwell 0-0: Ball
1-0: Called Strike
1-1: Ground out 4-3 (Groundball, 4, EV 104.4 MPH)
Batting: RHB Bob Hill 0-0: Ball
1-0: Ball
2-0: Foul Ball, location: 2F
2-1: Ball
3-1: Foul Ball, location: 2F
3-2: Foul Ball, location: 2F
3-2: Foul Ball, location: 2F
3-2: Base on Balls
Batting: LHB Brian Harmon 0-0: Called Strike
0-1: Ball
1-1: Foul Ball, location: 2F
1-2: Strikes out swinging
Batting: RHB John Billings 0-0: Called Strike
0-1: 2-RUN HOME RUN (Flyball, 7D, EV 96.9 MPH), Distance : 374 ft
Batting: LHB Duff Eckstein 0-0: Called Strike
0-1: Called Strike
0-2: Ball
1-2: Foul Ball, location: 2F
1-2: Foul Ball, location: 2F
1-2: Foul Ball, location: 2F
1-2: Foul Ball, location: 2F
1-2: Strikes out swinging
Bottom of the 5th over - 2 runs, 1 hit, 0 errors, 0 left on base; Niagara Falls 1 - Syracuse 4
TOP OF THE 6TH
Niagara Falls Expos batting - Pitching for Syracuse Storm : RHP Rubén López
Batting: RHB Ambrose Watkins 0-0: Ball
1-0: Ground out 4-3 (Groundball, 4, EV 83.8 MPH)
Batting: RHB Bernard Langeman 0-0: Ball
1-0: Ground out 5-3 (Groundball, 5S, EV 65.6 MPH)
Batting: RHB Rafael Mastache 0-0: Called Strike
0-1: Ball
1-1: Ball
2-1: Fly out, F9 (Flyball, 9D, EV 105.6 MPH)
Top of the 6th over - 0 runs, 0 hits, 0 errors, 0 left on base; Niagara Falls 1 - Syracuse 4
BOTTOM OF THE 6TH
Syracuse Storm batting - Pitching for Niagara Falls Expos : RHP Maximiano Agostinho
Batting: LHB Rick Newell 0-0: Ball
1-0: TRIPLE (Flyball, 89XD, EV 93.1 MPH)
Batting: RHB Ace Felder 0-0: Ball
1-0: Ball
2-0: Swinging Strike
2-1: Ball
3-1: Fly out, F8 (Flyball, 8LM, EV 91.2 MPH)
Runner from 3rd tags up, SCORES, throw by CF
Batting: LHB Jorge Mateu 0-0: Ball
1-0: Fly out, F8 (Flyball, 8LD, EV 110.0 MPH)
Batting: RHB Rubén Plumey 0-0: Ball
1-0: Swinging Strike
1-1: Called Strike
1-2: Foul Ball, location: 2F
1-2: Foul Ball, location: 2F
1-2: Foul Ball, location: 2F
1-2: Ball
2-2: Foul Ball, location: 2F
2-2: Fly out, F7 (Flyball, 7LD, EV 90.6 MPH)
Bottom of the 6th over - 1 run, 1 hit, 0 errors, 0 left on base; Niagara Falls 1 - Syracuse 5
TOP OF THE 7TH
Niagara Falls Expos batting - Pitching for Syracuse Storm : RHP Rubén López
Batting: SHB Junya Furuya 0-0: Called Strike
0-1: Ball
1-1: Ground out 5-3 (Groundball, 5, EV 82.5 MPH)
Batting: SHB Raúl Miranda 0-0: Fly out, F7 (Flyball, 7LS, EV 95.6 MPH)
Batting: RHB Juan Vázquez 0-0: Ball
1-0: Called Strike
1-1: Swinging Strike
1-2: Foul Ball, location: 2F
1-2: Ground out 1-3 (Groundball, 15S, EV 70.6 MPH)
Top of the 7th over - 0 runs, 0 hits, 0 errors, 0 left on base; Niagara Falls 1 - Syracuse 5
BOTTOM OF THE 7TH
Syracuse Storm batting - Pitching for Niagara Falls Expos : RHP Maximiano Agostinho
Pitching: RHP Juan Santos
Batting: LHB Kent Maxwell 0-0: Ball
1-0: Ball
2-0: Called Strike
2-1: Ball
3-1: Base on Balls
Batting: RHB Bob Hill 0-0: Ball
1-0: Called Strike
1-1: Foul Ball, location: 2F
1-2: Strikes out swinging
Batting: LHB Brian Harmon 0-0: Swinging Strike
0-1: Called Strike
Kent Maxwell steals 2nd base
0-2: Ball
1-2: Strikes out looking
Batting: RHB John Billings 0-0: Called Strike
0-1: Fly out, F8 (Line Drive, 8LM, EV 90.0 MPH)
Bottom of the 7th over - 0 runs, 0 hits, 0 errors, 1 left on base; Niagara Falls 1 - Syracuse 5
TOP OF THE 8TH
Niagara Falls Expos batting - Pitching for Syracuse Storm : RHP Rubén López
Batting: RHB Frank Tatum 0-0: Called Strike
0-1: Ball
1-1: Ball
2-1: Ball
3-1: SINGLE (Line Drive, 9LS, EV 103.1 MPH)
Pitching: RHP Kevin Moran
Batting: SHB Buretaua Taati 0-0: Fielders Choice at 2nd, 4-6 (Groundball, 4S, EV 81.2 MPH)
Batting: RHB Sincere Wushon David 0-0: Called Strike
0-1: SINGLE (Groundball, 56D, EV 100.6 MPH)
Buretaua Taati to second
Batting: RHB Ambrose Watkins 0-0: Called Strike
0-1: Ball
Passed Ball!
Buretaua Taati to third
Sincere Wushon David to second
1-1: Ball
2-1: Foul Ball, location: 2F
2-2: Ground out 1-3 (Groundball, P, EV 82.5 MPH)
Batting: RHB Bernard Langeman 0-0: Ball
1-0: Called Strike
1-1: SINGLE (Line Drive, 6MD, EV 95.0 MPH)
Buretaua Taati scores
Sincere Wushon David to third
Runner from 3rd tries for Home, SAFE, no throw by CF
Batting: RHB Rafael Mastache 0-0: Ball
1-0: Called Strike
1-1: Ball
Wild Pitch!
Bernard Langeman to second
2-1: Swinging Strike
2-2: Ball
3-2: Strikes out swinging
Top of the 8th over - 2 runs, 3 hits, 0 errors, 1 left on base; Niagara Falls 3 - Syracuse 5
BOTTOM OF THE 8TH
Syracuse Storm batting - Pitching for Niagara Falls Expos : RHP Juan Santos
Pitching: RHP Cristóbal López
Batting: LHB Duff Eckstein 0-0: Fly out, F8 (Flyball, 8RD, EV 76.9 MPH)
Batting: LHB Rick Newell 0-0: Foul Ball, location: 2F
0-1: Foul Ball, location: 2F
0-2: Ball
1-2: Strikes out swinging
Batting: RHB Ace Felder 0-0: Ground out 1-3 (Groundball, 34S, EV 85.0 MPH)
Bottom of the 8th over - 0 runs, 0 hits, 0 errors, 0 left on base; Niagara Falls 3 - Syracuse 5
TOP OF THE 9TH
Niagara Falls Expos batting - Pitching for Syracuse Storm : RHP Kevin Moran
Pitching: LHP Sterling Wheeler
Now at 1B: Alois Malik
Batting: SHB Junya Furuya 0-0: Ball
1-0: Foul Ball, location: 2F
1-1: Foul Ball, location: 2F
1-2: Foul Ball, location: 2F
1-2: Fly out, F7 (Flyball, 7LM, EV 91.9 MPH)
Batting: SHB Raúl Miranda 0-0: Ball
1-0: Swinging Strike
1-1: Called Strike
1-2: Ball
2-2: Strikes out looking
Batting: RHB Juan Vázquez 0-0: Ground out 6-3 (Groundball, 6M, EV 93.1 MPH)
Top of the 9th over - 0 runs, 0 hits, 0 errors, 0 left on base; Niagara Falls 3 - Syracuse 5
Friday, April 17th, 2020 - OOTP Baseball 20.8 Build 74